Map: 2000 Atmospheres LE

Players

Astrea

  • Race: Protoss Protoss
  • League: Master

PattyMac - Winner!

  • Race: Protoss Protoss
  • League: Grandmaster

Event: DreamHack SC2 Masters 2021 Summer

VOD

Have the link to the VOD?

Description

Time

  • Played on: May 27, 2021, 7:01 p.m.
  • Length: 10:29

All games in this series

Show
View Real Time Build Order
Export as new Build Order

Astrea Protoss 

Build Orders: Oracle Opening 

Get SALT Encoding   

  12  0:00  Probe  
  13  0:12  Probe  
  14  0:17  Pylon  
  14  0:24  Probe (Chrono Boost)  
  15  0:36  Probe (Chrono Boost), Gateway  
  16  0:44  Probe (Chrono Boost)  
  16  0:45  Assimilator  
  17  0:51  Probe  
  17  0:53  Assimilator  
  18  1:03  Probe (Chrono Boost)  
  19  1:08  Gateway  
  20  1:12  Probe (Chrono Boost)  
  20  1:17  Probe (Chrono Boost)  
  20  1:23  Cybernetics Core  
  21  1:29  Probe  
  22  1:34  Pylon  
  22  1:41  Probe  
  23  1:53  Probe  
  24  1:59  Stargate  
  24  2:01  Adept  
  24  2:02  Adept  
  24  2:05  Probe  
  29  2:14  Pylon  
  29  2:18  Probe, Warp Gate  
  30  2:32  Adept x2  
  34  2:41  Oracle (Chrono Boost)  
  34  2:45  Probe  
  34  2:50  Pylon  
  38  3:06  Void Ray (Chrono Boost)  
  40  3:16  Shield Battery  
  42  3:27  Shield Battery  
  40  3:34  Stalker  
  40  3:36  Pylon  
  40  3:37  Stalker  
  44  4:02  Nexus  
  44  4:04  Probe  
  44  4:09  Pylon  
  43  4:16  Probe  
  41  4:23  Robotics Facility  
  41  4:28  Probe  
  40  4:35  Sentry x2  
  44  4:41  Probe  
  44  4:42  Shield Battery  
  43  4:47  Void Ray (Chrono Boost)  
  43  4:53  Probe  
  43  4:59  Phoenix (Chrono Boost)  
  48  5:04  Pylon  
  48  5:05  Probe  
  49  5:10  Observer (Chrono Boost)  
  51  5:14  Probe  
  51  5:17  Probe  
  52  5:22  Adept x2  
  52  5:27  Probe  
  53  5:31  Probe  
  54  5:40  Immortal (Chrono Boost)  
  58  5:43  Probe  
  58  5:48  Probe  
  60  5:51  Observer  
  60  5:55  Probe  
  57  5:57  Assimilator  
  57  6:00  Probe  
  57  6:02  Sentry  
  60  6:07  Probe  
  60  6:08  Observer, Immortal (Chrono Boost)  
  61  6:12  Probe  
  61  6:17  Pylon  
  66  6:22  Probe (Chrono Boost)  
  66  6:23  Pylon  
  66  6:24  Probe (Chrono Boost)  
  66  6:25  Assimilator  
  67  6:36  Probe (Chrono Boost), Twilight Council, Forge  
  69  6:46  Nexus  
  68  6:53  Probe  
  69  6:56  Probe  
  69  6:57  Immortal (Chrono Boost)  
  73  7:07  Probe  
  74  7:10  Nexus  
  74  7:11  Protoss Ground Weapons Level 1  
  74  7:13  Blink  
  74  7:18  Probe  
  74  7:22  Probe  
  76  7:24  Pylon  
  76  7:30  Probe  
  76  7:34  Probe  
  78  7:37  Dark Shrine  
  78  7:42  Probe  
  79  7:46  Probe  
  79  7:48  Immortal (Chrono Boost)  
  79  7:51  Shield Battery  
  84  7:53  Pylon  
  84  7:54  Probe  
  84  7:58  Probe  
  86  8:06  Pylon  
  86  8:11  Probe x2  
  88  8:12  Stalker x2  
  88  8:13  Phoenix  
  92  8:20  Gateway  
  92  8:21  Gateway  
  92  8:23  Probe x2, Gateway  
  95  8:28  Warp Prism (Chrono Boost)  
  96  8:37  Stalker x2  
  100  8:47  Shield Battery  
  100  8:50  Photon Cannon  
  100  8:52  Photon Cannon  
  100  8:54  Immortal (Chrono Boost)  
  103  8:56  Pylon  
  103  9:00  Dark Templar  
  103  9:02  Dark Templar  
  107  9:10  Photon Cannon  
  107  9:11  Shield Battery  
  107  9:23  Assimilator, Immortal (Chrono Boost)  
  110  9:24  Assimilator  
  110  9:27  Dark Templar x2  
  97  9:42  Stalker x2  
  64  10:00  Stalker x2  
  60  10:14  Dark Templar  
  62  10:25  Dark Templar x2  
Show
View Real Time Build Order
Export as new Build Order

PattyMac Protoss - Winner!

Build Orders: Blink Stalkers 

Get SALT Encoding   

  12  0:00  Probe  
  13  0:13  Probe  
  14  0:16  Pylon  
  14  0:25  Probe (Chrono Boost)  
  16  0:37  Probe (Chrono Boost), Gateway  
  16  0:42  Probe (Chrono Boost)  
  16  0:45  Assimilator  
  17  0:51  Probe  
  17  0:54  Assimilator  
  18  1:03  Probe (Chrono Boost)  
  19  1:07  Gateway  
  19  1:12  Probe (Chrono Boost)  
  19  1:17  Probe (Chrono Boost)  
  20  1:24  Cybernetics Core  
  21  1:30  Probe  
  22  1:33  Pylon  
  22  1:42  Probe  
  24  1:54  Probe  
  24  2:00  Stalker x2  
  24  2:01  Warp Gate (Chrono Boost)  
  28  2:08  Pylon  
  28  2:10  Probe  
  29  2:26  Twilight Council  
  29  2:30  Stalker  
  29  2:35  Stalker  
  33  2:42  Probe  
  34  2:46  Pylon  
  34  3:02  Shield Battery  
  34  3:08  Blink (Chrono Boost)  
  34  3:14  Probe  
  35  3:22  Nexus  
  35  3:32  Shield Battery  
  35  3:35  Pylon  
  36  3:45  Stalker  
  36  3:46  Stalker  
  39  3:51  Probe  
  40  4:03  Probe  
  41  4:15  Probe  
  40  4:20  Stalker x2  
  44  4:27  Probe (Chrono Boost)  
  46  4:39  Probe x2 (Chrono Boost)  
  47  4:46  Probe x2 (Chrono Boost)  
  47  4:50  Stalker  
  47  4:51  Pylon  
  47  4:52  Stalker  
  52  4:53  Probe  
  52  4:54  Probe  
  54  5:06  Probe  
  54  5:07  Probe  
  56  5:12  Nexus  
  56  5:18  Probe  
  56  5:19  Probe  
  56  5:30  Probe, Pylon, Assimilator  
  56  5:31  Probe  
  56  5:34  Robotics Facility  
  58  5:36  Sentry x2  
  62  5:43  Probe  
  62  5:48  Probe  
  61  5:56  Probe  
  60  6:00  Probe  
  60  6:02  Stalker x2  
  65  6:08  Probe  
  65  6:09  Gateway x2  
  66  6:14  Probe, Shield Battery  
  66  6:18  Charge (Chrono Boost)  
  67  6:20  Probe  
  67  6:22  Forge  
  67  6:24  Pylon  
  68  6:27  Probe x2  
  68  6:28  Sentry x2  
  68  6:30  Observer (Chrono Boost)  
  75  6:35  Gateway  
  75  6:37  Probe  
  75  6:39  Probe  
  77  6:40  Gateway  
  77  6:43  Probe  
  78  6:49  Probe  
  78  6:50  Immortal (Chrono Boost)  
  83  6:54  Stalker  
  83  6:57  Stalker  
  83  6:58  Protoss Ground Weapons Level 1 (Chrono Boost)  
  87  7:10  Stalker  
  87  7:11  Probe x2  
  87  7:13  Phoenix  
  91  7:16  Gateway x2  
  91  7:23  Photon Cannon  
  91  7:24  Pylon  
  91  7:34  Gateway  
  91  7:37  Gateway  
  91  7:39  Immortal (Chrono Boost)  
  91  7:40  Zealot  
  91  7:43  Pylon  
  97  7:47  Pylon  
  97  7:49  Zealot x2  
  101  7:54  Pylon  
  101  7:57  Assimilator  
  101  8:00  Assimilator  
  101  8:01  Assimilator  
  101  8:03  Zealot x3  
  107  8:06  Pylon  
  107  8:08  Warp Prism (Chrono Boost)  
  109  8:18  Zealot x3  
  115  8:27  Templar Archives  
  115  8:29  Pylon  
  115  8:31  Zealot  
  117  8:34  Probe  
  117  8:35  Photon Cannon  
  118  8:41  Zealot x2  
  120  8:55  Zealot x4  
  128  8:58  Pylon  
  128  9:11  High Templar x5  
  128  9:12  High Templar  
  128  9:15  Archon x2  
  128  9:17  Archon  
  140  9:19  Zealot x2  
  140  9:20  Zealot  
  140  9:23  Pylon  
  146  9:24  Pylon  
  144  9:35  Observer  
  144  9:37  Observer  
  131  9:40  Zealot x4  
  125  9:47  Zealot  
  125  9:48  Zealot x2  
  123  9:53  High Templar  
  123  9:55  High Templar  
  123  9:58  Zealot  
  123  9:59  Archon  
  124  10:07  Observer (Chrono Boost)  
  124  10:10  Photon Cannon, Zealot x4  
Tags
 
Add a new tag
Caveats
  • Supply blocks, unpowered buildings, or Contaminate may cause inaccurate times.
  • Supply counts are checked every 10 seconds.